TOP OF THE 1ST |
---|
Newark Bulldogs batting - Pitching for Buffalo LightSabres : RHP Stan Payne | Pitching: RHP Stan Payne | | Batting: RHB Aurelio Cruz | 0-0: Foul Ball, location: 2F 0-1: Ball 1-1: Swinging Strike 1-2: SINGLE (Line Drive, 78S) | Batting: RHB Jorge Flores | 0-0: Called Strike 0-1: Ball 1-1: Ball 2-1: Ball 3-1: Fly out, F9 (Flyball, 9S) | Batting: LHB Wes Thompson | 0-0: Called Strike Aurelio Cruz steals 2nd base 0-1: Foul Ball, location: 2F 0-2: Ball 1-2: Ball 2-2: Strikes out swinging | Batting: LHB Ángel Tuzzi | 0-0: Ball 1-0: Ball 2-0: SINGLE (Line Drive, 9S) Aurelio Cruz to third Runner from 3rd tries for Home, SAFE, throw made home Ángel Tuzzi to second | Batting: LHB John Clark | 0-0: Ball 1-0: Ball 2-0: Called Strike 2-1: Ground out 6-3 (Groundball, 6) | Top of the 1st over - 1 run, 2 hits, 0 errors, 1 left on base; Newark 1 - Buffalo 0 | BOTTOM OF THE 1ST |
---|
Buffalo LightSabres batting - Pitching for Newark Bulldogs : LHP Kent Smith | Pitching: LHP Kent Smith | | Batting: RHB Earl Godwin | 0-0: Foul Ball, location: 2F 0-1: Ball 1-1: Swinging Strike 1-2: Ball 2-2: Foul Ball, location: 2F 2-2: Ball 3-2: SINGLE (Groundball, 4D) | Batting: RHB Mike Wagner | 0-0: DOUBLE (Line Drive, 78D) Earl Godwin to third Runner from 3rd tries for Home, SAFE, no throw | Batting: LHB Tim Griffith | 0-0: Ball 1-0: Ball 2-0: Called Strike 2-1: SINGLE (Groundball, 34S) (infield hit) Mike Wagner to third | Batting: RHB Augusto Padilla | 0-0: Called Strike 0-1: Ball 1-1: Called Strike 1-2: SINGLE (Flyball, 89M) Mike Wagner scores Tim Griffith to second Runner from 2nd tries for 3rd, SAFE, throw made at trailing runner, OUT! | Batting: RHB Júlio López | 0-0: Called Strike 0-1: Ball 1-1: Foul Ball, location: 2F 1-2: Ball 2-2: Strikes out swinging | Batting: RHB Alfredo Villegas | 0-0: Ball 1-0: Ball 2-0: SINGLE (Groundball, 5D) Tim Griffith scores | Batting: RHB Sean King | 0-0: Ball Pickoff Throw to First - Error! E1 Alfredo Villegas to second 1-0: Ground out 6-3 (Groundball, 6) | Bottom of the 1st over - 3 runs, 5 hits, 1 error, 1 left on base; Newark 1 - Buffalo 3 | TOP OF THE 2ND |
---|
Newark Bulldogs batting - Pitching for Buffalo LightSabres : RHP Stan Payne | Batting: SHB Ismael Sánchez | 0-0: Ball 1-0: Foul Ball, location: 2F 1-1: Foul Ball, location: 2F 1-2: Ground out 4-3 (Groundball, 4S) | Batting: LHB Jorge Hernández | 0-0: Called Strike 0-1: Ball 1-1: Ball 2-1: Foul Ball, location: 2F 2-2: Ball 3-2: Strikes out swinging | Batting: RHB Francisco Domínguez | 0-0: Swinging Strike 0-1: Ball 1-1: Swinging Strike 1-2: Strikes out looking | Top of the 2nd over - 0 runs, 0 hits, 0 errors, 0 left on base; Newark 1 - Buffalo 3 | BOTTOM OF THE 2ND |
---|
Buffalo LightSabres batting - Pitching for Newark Bulldogs : LHP Kent Smith | Batting: RHB Daniel Riddle | 0-0: SINGLE (Groundball, 56D) | Batting: LHB Sergio Luna | 0-0: Called Strike 0-1: Foul Ball, location: 2F 0-2: Ball 1-2: Strikes out looking | Batting: RHB Earl Godwin | 0-0: Ball 1-0: Ball 2-0: Called Strike 2-1: Fly out, F9 (Flyball, 9LS) | Batting: RHB Mike Wagner | 0-0: Ball 1-0: Called Strike 1-1: Fly out, F8 (Flyball, 89D) | Bottom of the 2nd over - 0 runs, 1 hit, 0 errors, 1 left on base; Newark 1 - Buffalo 3 | TOP OF THE 3RD |
---|
Newark Bulldogs batting - Pitching for Buffalo LightSabres : RHP Stan Payne | Batting: RHB Dan McKay | 0-0: Ball 1-0: Ball 2-0: Swinging Strike 2-1: Foul Ball, location: 2F 2-2: Strikes out swinging | Batting: RHB Aurelio Cruz | 0-0: Ball 1-0: Called Strike 1-1: Ball 2-1: Ball 3-1: Ground out 1-3 (Groundball, 13) | Batting: RHB Jorge Flores | 0-0: Called Strike 0-1: Foul Ball, location: 2F 0-2: Ball 1-2: Strikes out swinging, 2-3 out at first. | Top of the 3rd over - 0 runs, 0 hits, 0 errors, 0 left on base; Newark 1 - Buffalo 3 | BOTTOM OF THE 3RD |
---|
Buffalo LightSabres batting - Pitching for Newark Bulldogs : LHP Kent Smith | Batting: LHB Tim Griffith | 0-0: Ball 1-0: Ground out 4-3 (Groundball, 4) | Batting: RHB Augusto Padilla | 0-0: Ball 1-0: Foul Ball, location: 2F 1-1: Foul Ball, location: 2F 1-2: Foul Ball, location: 2F 1-2: DOUBLE (Flyball, 8LXD) | Batting: RHB Júlio López | 0-0: Ball 1-0: Called Strike 1-1: Foul Ball, location: 2F 1-2: Ball 2-2: Ball 3-2: Ground out 1-3 (Groundball, P) Augusto Padilla to third | Batting: RHB Alfredo Villegas | 0-0: Foul Ball, location: 2F 0-1: Ball 1-1: Foul Ball, location: 2F 1-2: Strikes out swinging | Bottom of the 3rd over - 0 runs, 1 hit, 0 errors, 1 left on base; Newark 1 - Buffalo 3 | TOP OF THE 4TH |
---|
Newark Bulldogs batting - Pitching for Buffalo LightSabres : RHP Stan Payne | Batting: LHB Wes Thompson | 0-0: Called Strike 0-1: Swinging Strike 0-2: Ball 1-2: Ball 2-2: Ball 3-2: Foul Ball, location: 2F 3-2: Foul Ball, location: 2F 3-2: Ground out 4-3 (Groundball, 4) | Batting: LHB Ángel Tuzzi | 0-0: Ball 1-0: Ball 2-0: Ball 3-0: Base on Balls | Batting: LHB John Clark | 0-0: Ball 1-0: Fly out, F8 (Flyball, 89XD) | Batting: SHB Ismael Sánchez | 0-0: Foul Ball, location: 2F 0-1: Ball 1-1: Swinging Strike 1-2: Fielders Choice at 2nd, 6-4 (Groundball, 6) | Top of the 4th over - 0 runs, 0 hits, 0 errors, 1 left on base; Newark 1 - Buffalo 3 | BOTTOM OF THE 4TH |
---|
Buffalo LightSabres batting - Pitching for Newark Bulldogs : LHP Kent Smith | Batting: RHB Sean King | 0-0: Called Strike 0-1: Ball 1-1: Foul Ball, location: 2F 1-2: Ball 2-2: Strikes out looking | Batting: RHB Daniel Riddle | 0-0: SOLO HOME RUN (Flyball, 7LD), Distance : 339 ft | Batting: LHB Sergio Luna | 0-0: Ball 1-0: Ground out 6-3 (Groundball, 6) | Batting: RHB Earl Godwin | 0-0: SINGLE (Flyball, 78S) | Batting: RHB Mike Wagner | 0-0: Called Strike 0-1: Foul Ball, location: 2F 0-2: Ball 1-2: Strikes out looking | Bottom of the 4th over - 1 run, 2 hits, 0 errors, 1 left on base; Newark 1 - Buffalo 4 | TOP OF THE 5TH |
---|
Newark Bulldogs batting - Pitching for Buffalo LightSabres : RHP Stan Payne | Batting: LHB Jorge Hernández | 0-0: Called Strike 0-1: Ball 1-1: Ball 2-1: Ground out 6-3 (Groundball, 6M) | Batting: RHB Francisco Domínguez | 0-0: Fly out, F8 (Flyball, 8LD) | Batting: RHB Dan McKay | 0-0: Ball 1-0: Called Strike 1-1: Fly out, F9 (Line Drive, 9) | Top of the 5th over - 0 runs, 0 hits, 0 errors, 0 left on base; Newark 1 - Buffalo 4 | BOTTOM OF THE 5TH |
---|
Buffalo LightSabres batting - Pitching for Newark Bulldogs : LHP Kent Smith | Batting: LHB Tim Griffith | 0-0: Swinging Strike 0-1: Ball 1-1: Called Strike 1-2: Foul Ball, location: 2F 1-2: Ball 2-2: Strikes out swinging | Batting: RHB Augusto Padilla | 0-0: Swinging Strike 0-1: Called Strike 0-2: Strikes out looking | Batting: RHB Júlio López | 0-0: Ball 1-0: Ball 2-0: Ball 3-0: Called Strike 3-1: Base on Balls | Batting: RHB Alfredo Villegas | 0-0: Called Strike 0-1: Ball 1-1: Called Strike 1-2: Strikes out swinging, 2-3 out at first. | Bottom of the 5th over - 0 runs, 0 hits, 0 errors, 1 left on base; Newark 1 - Buffalo 4 | TOP OF THE 6TH |
---|
Newark Bulldogs batting - Pitching for Buffalo LightSabres : RHP Stan Payne | Batting: RHB Aurelio Cruz | 0-0: Fly out, F8 (Line Drive, 8RM) | Batting: RHB Jorge Flores | 0-0: SINGLE (Flyball, 9LS) | Batting: LHB Wes Thompson | 0-0: Grounds into double play, 4-6-3 (Groundball, 4) | Top of the 6th over - 0 runs, 1 hit, 0 errors, 0 left on base; Newark 1 - Buffalo 4 | BOTTOM OF THE 6TH |
---|
Buffalo LightSabres batting - Pitching for Newark Bulldogs : LHP Kent Smith | Pitching: LHP Josh Wall | | Batting: RHB Sean King | 0-0: Called Strike 0-1: Foul Ball, location: 2F 0-2: Strikes out swinging | Batting: RHB Daniel Riddle | 0-0: Fly out, F8 (Flyball, 8RD) | Batting: LHB Sergio Luna | 0-0: Ball 1-0: Ball 2-0: Ball 3-0: Called Strike 3-1: Base on Balls | Batting: RHB Earl Godwin | 0-0: Called Strike 0-1: Swinging Strike 0-2: Fly out, F4 (Popup, 4MD) | Bottom of the 6th over - 0 runs, 0 hits, 0 errors, 1 left on base; Newark 1 - Buffalo 4 | TOP OF THE 7TH |
---|
Newark Bulldogs batting - Pitching for Buffalo LightSabres : RHP Stan Payne | Batting: LHB Ángel Tuzzi | 0-0: Ball 1-0: Ground out 4-3 (Groundball, 4) | Batting: LHB John Clark | 0-0: SOLO HOME RUN (Flyball, 7LD), Distance : 351 ft | Batting: SHB Ismael Sánchez | 0-0: Swinging Strike 0-1: Foul Ball, location: 2F 0-2: Ball 1-2: DOUBLE (Line Drive, 9LS) | Batting: LHB Jorge Hernández | 0-0: Foul Ball, location: 2F 0-1: Foul Ball, location: 2F 0-2: Ground out 6-3 (Groundball, 6D) | Batting: RHB Francisco Domínguez | 0-0: Called Strike 0-1: SINGLE (Flyball, 9LS) Ismael Sánchez to third Runner from 3rd tries for Home, SAFE, no throw | Pinch Hitting: LHB Gerardo Guzmán | 0-0: Ball 1-0: Called Strike 1-1: Ball 2-1: Foul Ball, location: 2F 2-2: Strikes out swinging | Top of the 7th over - 2 runs, 3 hits, 0 errors, 1 left on base; Newark 3 - Buffalo 4 | BOTTOM OF THE 7TH |
---|
Buffalo LightSabres batting - Pitching for Newark Bulldogs : LHP Josh Wall | Now at 2B: Gerardo Guzmán | | Batting: RHB Mike Wagner | 0-0: Ball 1-0: Called Strike 1-1: Ball 2-1: Foul Ball, location: 2F 2-2: Ball 3-2: SINGLE (Groundball, 34S) (infield hit) | Batting: LHB Tim Griffith | 0-0: DOUBLE (Line Drive, 89D) Mike Wagner to third | Batting: RHB Augusto Padilla | 0-0: Swinging Strike 0-1: Foul Ball, location: 2F 0-2: Ball 1-2: Ball 2-2: Foul Ball, location: 2F 2-2: Foul Ball, location: 2F 2-2: Foul Ball, location: 2F 2-2: Fly out, F9 (Flyball, 9) Runner from 3rd tags up, SCORES, throw made | Batting: RHB Júlio López | 0-0: Ball 1-0: Ball 2-0: Ball 3-0: Called Strike 3-1: Base on Balls | Batting: RHB Alfredo Villegas | 0-0: Ball 1-0: Foul Ball, location: 2F 1-1: SINGLE (Line Drive, 6M) Tim Griffith to third Júlio López to second Runner from 3rd tries for Home, SAFE, no throw | Pitching: RHP Bart Brown | | Batting: RHB Sean King | 0-0: Ball 1-0: Grounds into double play, 6-4-3 (Groundball, 6) | Bottom of the 7th over - 2 runs, 3 hits, 0 errors, 1 left on base; Newark 3 - Buffalo 6 | TOP OF THE 8TH |
---|
Newark Bulldogs batting - Pitching for Buffalo LightSabres : RHP Stan Payne | Pitching: RHP Junior Pineault | | Batting: RHB Aurelio Cruz | 0-0: Foul Ball, location: 2F 0-1: Ball 1-1: Ball 2-1: Fly out, F9 (Flyball, 9S) | Batting: RHB Jorge Flores | 0-0: Ball 1-0: Fly out, F9 (Flyball, 9LM) | Batting: LHB Wes Thompson | 0-0: Ball 1-0: Foul Ball, location: 2F 1-1: Ball 2-1: Foul Ball, location: 2F 2-2: Foul Ball, location: 2F 2-2: Foul Ball, location: 2F 2-2: DOUBLE (Flyball, 78D) | Batting: LHB Ángel Tuzzi | 0-0: Ground out 2-3 (Groundball, 15S) | Top of the 8th over - 0 runs, 1 hit, 0 errors, 1 left on base; Newark 3 - Buffalo 6 | BOTTOM OF THE 8TH |
---|
Buffalo LightSabres batting - Pitching for Newark Bulldogs : RHP Bart Brown | Batting: RHB Daniel Riddle | 0-0: Ball 1-0: Called Strike 1-1: Ball 2-1: Ball 3-1: Swinging Strike 3-2: Strikes out swinging | Batting: LHB Sergio Luna | 0-0: Called Strike 0-1: Ground out 5-3 (Groundball, 5S) | Batting: RHB Earl Godwin | 0-0: Ball 1-0: Ground out 6-3 (Groundball, 6M) | Bottom of the 8th over - 0 runs, 0 hits, 0 errors, 0 left on base; Newark 3 - Buffalo 6 | TOP OF THE 9TH |
---|
Newark Bulldogs batting - Pitching for Buffalo LightSabres : RHP Junior Pineault | Pitching: RHP Raymond Gibbons | | Batting: LHB John Clark | 0-0: Called Strike 0-1: Ball 1-1: Called Strike 1-2: Strikes out swinging | Batting: SHB Ismael Sánchez | 0-0: Called Strike 0-1: Foul Ball, location: 2F 0-2: Ball 1-2: Ball 2-2: Ground out 6-3 (Groundball, 6) | Batting: LHB Jorge Hernández | 0-0: Called Strike 0-1: Swinging Strike 0-2: Foul Ball, location: 2F 0-2: Ball 1-2: Foul Ball, location: 2F 1-2: Ball 2-2: Foul Ball, location: 2F 2-2: SINGLE (Groundball, 6MD) | Batting: RHB Francisco Domínguez | 0-0: Called Strike 0-1: Ball 1-1: Called Strike 1-2: Strikes out swinging | Top of the 9th over - 0 runs, 1 hit, 0 errors, 1 left on base; Newark 3 - Buffalo 6 | |